Map: Amygdala

Players

Canadians - Winner!

  • Race: Protoss Protoss
  • League: Diamond
  • Spawn Location: 7:00

Roy

  • Race: Terran Terran
  • League: Platinum
  • Spawn Location: 1:00

VOD

Have the link to the VOD?

Description

Time

  • Played on: March 23, 2025, 9:52 a.m.
  • Length: 22:01
Show
View Real Time Build Order
Export as new Build Order

Canadians Protoss - Winner!

Build Orders: Blink Stalkers 

Get SALT Encoding   

  12  0:03  Probe  
  13  0:15  Probe  
  13  0:19  Pylon  
  14  0:27  Probe  
  15  0:38  Probe  
  15  0:39  Gateway  
  16  0:46  Probe  
  16  0:47  Assimilator  
  16  0:56  Probe  
  18  1:08  Probe  
  19  1:20  Probe  
  20  1:32  Cybernetics Core  
  20  1:45  Nexus  
  20  1:49  Probe  
  20  1:53  Pylon  
  21  1:59  Assimilator  
  21  2:00  Stalker  
  21  2:01  Probe  
  21  2:04  Warp Gate  
  22  2:13  Probe  
  24  2:26  Probe  
  25  2:37  Robotics Facility  
  25  2:38  Probe  
  26  2:45  Stalker  
  26  2:50  Probe  
  29  2:56  Twilight Council  
  29  3:03  Probe  
  30  3:10  Pylon  
  29  3:18  Blink  
  29  3:19  Probe  
  30  3:23  Probe, Gateway  
  31  3:31  Probe, Observer  
  33  3:35  Probe  
  34  3:43  Probe  
  34  3:47  Probe  
  37  3:55  Probe  
  37  3:59  Probe, Observer  
  39  4:05  Gateway  
  39  4:07  Probe  
  40  4:11  Probe  
  41  4:19  Probe  
  41  4:24  Probe  
  43  4:25  Stalker x2  
  47  4:32  Probe  
  47  4:36  Probe  
  49  4:43  Assimilator  
  49  4:44  Probe  
  50  4:46  Assimilator  
  50  4:48  Probe  
  50  4:49  Robotics Bay  
  50  4:50  Pylon  
  50  4:51  Stalker  
  53  4:56  Probe  
  54  5:05  Pylon  
  54  5:08  Probe x2  
  56  5:20  Probe x2, Observer  
  59  5:28  Stalker x3  
  63  5:32  Probe  
  64  5:36  Observer  
  64  5:44  Probe  
  64  5:46  Extended Thermal Lance  
  65  5:51  Charge  
  64  5:57  Nexus  
  64  6:02  Pylon  
  64  6:07  Forge  
  64  6:09  Pylon  
  64  6:15  Gateway  
  64  6:18  Pylon  
  64  6:20  Probe  
  64  6:25  Colossus  
  71  6:50  Probe  
  71  6:51  Probe  
  73  6:59  Pylon  
  73  7:00  Gateway  
  73  7:02  Gateway  
  73  7:03  Zealot x3, Probe  
  73  7:06  Protoss Ground Weapons Level 1  
  80  7:12  Forge  
  80  7:19  Templar Archives  
  80  7:21  Probe x2  
  80  7:22  Probe  
  83  7:28  Stalker x4, Pylon  
  91  7:32  Colossus  
  91  7:33  Probe x2  
  93  7:43  Probe  
  100  7:52  Gateway  
  100  7:56  Gateway  
  100  7:57  Pylon  
  100  7:59  Probe  
  100  8:00  Psionic Storm  
  100  8:01  Sentry x2  
  100  8:02  Zealot x3  
  100  8:05  Probe  
  112  8:13  Probe x2  
  112  8:18  Protoss Ground Armor Level 1  
  112  8:19  Zealot  
  116  8:22  Assimilator  
  116  8:25  Zealot x3  
  116  8:26  Zealot x2  
  125  8:35  Probe x2  
  126  8:45  Pylon  
  124  8:59  Zealot  
  124  9:00  Zealot x4, Protoss Ground Weapons Level 2  
  124  9:02  Colossus  
  132  9:05  Nexus  
  138  9:14  Probe  
  138  9:15  Probe  
  140  9:18  Assimilator  
  140  9:30  Pylon  
  140  9:34  Pylon  
  140  9:46  Pylon  
  140  9:48  Pylon  
  140  9:50  Probe  
  141  9:56  Warp Prism  
  141  9:58  High Templar x2  
  141  9:59  High Templar  
  149  10:00  High Templar x2  
  123  10:29  Zealot x5  
  123  10:30  Zealot x3  
  139  10:46  Probe  
  102  11:23  Zealot x7  
  102  11:24  Zealot  
  118  11:32  Probe  
  119  11:33  Probe  
  119  11:36  Probe x2  
  122  11:44  Probe  
  122  11:45  Probe  
  112  11:49  Protoss Ground Weapons Level 3  
  112  11:50  Pylon  
  112  11:54  Protoss Ground Armor Level 2  
  110  11:55  Pylon  
  110  11:56  Probe x2  
  110  11:57  High Templar x3  
  110  11:58  Colossus  
  122  12:08  Zealot x2  
  122  12:09  Zealot x3  
  122  12:11  Probe x4  
  136  12:30  Pylon  
  136  12:33  Gateway  
  136  12:34  Gateway  
  136  12:37  Probe x3, Pylon  
  139  12:50  Nexus  
  139  12:56  Zealot x4  
  139  12:57  High Templar x2, Zealot x2  
  126  13:19  Zealot  
  126  13:20  Zealot x5  
  126  13:24  Colossus  
  142  13:31  Pylon  
  142  13:34  Pylon  
  142  13:37  Pylon  
  142  13:41  High Templar x3  
  142  13:42  Stalker x5  
  158  13:51  Probe  
  158  13:53  Assimilator  
  159  14:03  Probe  
  159  14:05  Pylon, Gateway  
  159  14:07  Gateway  
  160  14:16  Probe x2, Pylon  
  162  14:17  Zealot  
  162  14:18  Zealot x7  
  142  14:49  Zealot x5  
  142  14:50  Zealot x3  
  134  15:02  Observer  
  135  15:11  Protoss Ground Armor Level 3, Protoss Shields Level 1  
  135  15:14  Zealot x4  
  135  15:15  Zealot x8  
  157  15:31  Probe  
  158  15:38  Pylon  
  158  15:45  Stalker x7  
  158  15:46  Stalker x4  
  158  15:48  Observer  
  180  15:55  Colossus  
  181  16:02  High Templar  
  171  16:23  Zealot x10  
  171  16:24  Zealot  
  187  16:35  Probe  
  187  16:39  Nexus  
  188  16:40  Robotics Facility  
  187  16:47  Probe  
  184  17:06  Stalker x4  
  130  17:24  Zealot  
  130  17:25  Zealot x7  
  122  17:35  Observer  
  117  17:43  Immortal  
  121  17:47  Zealot x5  
  121  17:48  High Templar, Zealot  
  129  17:53  Colossus  
  129  17:54  High Templar x2, Zealot x3  
  129  17:57  Protoss Shields Level 2  
  145  18:01  Probe  
  145  18:02  Photon Cannon  
  145  18:04  Assimilator  
  146  18:06  Assimilator  
  146  18:13  Probe  
  146  18:15  Assimilator  
  146  18:19  Stalker x4  
  155  18:20  High Templar x2, Zealot x2  
  155  18:21  Zealot  
  155  18:23  Immortal  
  155  18:26  Probe  
  170  18:39  High Templar x3  
  176  18:43  Stalker x6  
  176  18:45  Stalker  
  190  19:01  Assimilator  
  190  19:03  Zealot, Assimilator  
  190  19:04  Zealot  
  194  19:14  Immortal x2  
  181  19:39  Zealot x8  
  181  19:40  Zealot  
  179  20:13  Zealot x8  
  179  20:14  Zealot x2  
  129  20:50  Zealot x5  
  129  20:51  Zealot x7  
  149  21:04  Immortal x2  
  157  21:06  Robotics Facility  
  157  21:07  Nexus  
  157  21:19  Stalker x2  
  157  21:20  Stalker x4  
  157  21:21  High Templar x4  
  177  21:28  Nexus  
  177  21:37  Pylon  
  121  21:54  Zealot x4  
  121  21:55  Zealot x8  
Show
View Real Time Build Order
Export as new Build Order

Roy Terran 

Build Orders: Reaper Expand 

Get SALT Encoding   

  12  0:00  SCV  
  13  0:12  SCV  
  14  0:17  Supply Depot  
  14  0:24  SCV  
  15  0:38  SCV  
  15  0:40  Barracks  
  16  0:46  Refinery  
  16  0:50  SCV  
  17  1:03  SCV  
  18  1:15  SCV  
  19  1:32  Reaper  
  21  1:33  Orbital Command  
  20  1:43  Command Center  
  20  1:57  Supply Depot  
  20  1:59  SCV, Refinery  
  21  2:10  Barracks  
  21  2:15  SCV  
  22  2:17  Barracks Reactor  
  22  2:27  SCV  
  23  2:39  SCV  
  23  2:44  Factory  
  24  2:51  SCV  
  24  2:54  Orbital Command  
  24  2:55  Marine  
  24  2:57  Marine  
  24  2:58  Bunker  
  27  3:01  Barracks Tech Lab  
  27  3:14  Marine  
  27  3:15  Marine  
  27  3:18  SCV  
  30  3:21  SCV  
  30  3:25  Stimpack  
  30  3:26  Marine  
  32  3:32  Marine  
  33  3:35  Starport, Factory Reactor  
  33  3:38  Marine  
  34  3:44  SCV  
  34  3:45  SCV  
  34  3:46  Marine  
  37  3:49  Supply Depot  
  37  3:50  Marine  
  38  3:59  SCV  
  38  4:02  SCV  
  40  4:11  SCV  
  40  4:12  Supply Depot  
  40  4:14  SCV  
  42  4:19  Marine x2  
  42  4:20  Medivac  
  42  4:22  Medivac  
  42  4:23  SCV  
  49  4:26  SCV  
  49  4:35  SCV  
  49  4:38  SCV, Factory Tech Lab  
  51  4:39  Marine x2  
  51  4:44  Command Center  
  53  4:47  SCV  
  53  4:50  SCV  
  53  4:51  Supply Depot  
  53  4:52  Supply Depot  
  55  4:54  Marine  
  55  4:56  Siege Tank  
  55  4:57  Marine  
  60  5:12  Marine x2  
  60  5:14  Engineering Bay  
  62  5:21  Marine, Medivac  
  54  5:30  Marine  
  54  5:32  SCV  
  54  5:33  SCV  
  54  5:34  Barracks  
  57  5:36  Siege Tank  
  57  5:41  Terran Infantry Weapons Level 1  
  57  5:42  Barracks x2  
  60  5:54  Marine x2, Combat Shield  
  60  5:55  Marauder  
  64  5:58  Orbital Command, SCV  
  64  5:59  SCV  
  66  6:04  Supply Depot, Engineering Bay  
  66  6:08  Medivac  
  68  6:12  Supply Depot  
  68  6:15  SCV  
  68  6:17  Refinery  
  69  6:18  Marine  
  69  6:23  Orbital Command, Barracks Reactor  
  71  6:30  Barracks Reactor  
  70  6:37  Marine  
  67  6:48  Viking  
  65  6:58  SCV x3  
  68  7:02  Refinery  
  68  7:03  Marine x2  
  68  7:05  Refinery  
  70  7:10  SCV x3, Viking  
  70  7:12  Marine x2, Marauder  
  70  7:13  Barracks Tech Lab  
  79  7:20  Supply Depot  
  79  7:21  Marine x2  
  79  7:22  SCV, Supply Depot, Terran Infantry Armor Level 1  
  82  7:25  SCV  
  82  7:26  Refinery  
  82  7:27  SCV  
  84  7:32  Marauder  
  84  7:34  SCV  
  87  7:37  Viking  
  87  7:38  SCV  
  87  7:39  SCV  
  91  7:46  SCV  
  91  7:50  SCV  
  91  7:51  SCV, Siege Tank  
  94  7:53  Viking  
  99  7:58  SCV  
  99  8:00  Command Center  
  99  8:04  SCV x2  
  102  8:07  Missile Turret  
  102  8:10  SCV, Marine x2, Marauder x2  
  102  8:11  Marine x2  
  111  8:15  Armory  
  111  8:16  SCV x2  
  113  8:22  SCV  
  113  8:25  Command Center  
  114  8:28  Marine x2, SCV x2  
  114  8:29  Marine x2  
  114  8:32  Marauder x2  
  124  8:35  SCV, Missile Turret  
  125  8:42  Marine x2, SCV, Siege Tank  
  131  8:50  Marine x2  
  133  8:57  SCV  
  133  9:05  Supply Depot  
  133  9:11  Marine, SCV x3, Marauder x2  
  133  9:15  Siege Tank  
  144  9:23  SCV x3  
  147  9:25  Missile Turret  
  147  9:28  Supply Depot  
  147  9:29  Marine x2, SCV  
  147  9:30  Terran Infantry Armor Level 2  
  150  9:33  Marauder x2  
  150  9:35  SCV x2  
  150  9:36  Supply Depot  
  156  9:47  Siege Tank  
  159  9:53  Marine x3  
  159  9:54  Marauder x2  
  159  9:59  Marine  
  167  10:03  Marine  
  167  10:05  Marine  
  152  10:16  Marauder x2  
  143  10:31  Marine x3  
  146  10:37  Marauder x2  
  146  10:40  Marine x2  
  146  10:41  Marine  
  153  10:45  Barracks  
  153  10:46  Barracks  
  153  10:47  Supply Depot  
  153  10:48  Supply Depot  
  150  10:58  Marauder x2  
  150  11:02  Marine x3  
  150  11:03  Marine x2  
  149  11:06  Marine  
  149  11:08  Medivac x2  
  147  11:13  Siege Tank  
  135  11:20  Marine x4, Marauder x2  
  135  11:21  Marine, Planetary Fortress  
  135  11:23  SCV x2  
  135  11:24  Marine  
  147  11:25  SCV  
  148  11:35  SCV x2  
  148  11:38  SCV  
  144  11:41  Marauder x2  
  144  11:43  Marine x3  
  144  11:44  Marine x3  
  144  11:46  Siege Tank  
  154  11:47  SCV x2  
  154  11:50  SCV  
  157  11:57  Missile Turret  
  157  11:59  SCV x2, Supply Depot  
  159  12:01  Marine x3, SCV, Missile Turret  
  159  12:02  Marine x2, Marauder x2  
  159  12:05  Terran Infantry Weapons Level 2  
  159  12:08  Planetary Fortress  
  169  12:10  SCV  
  169  12:11  SCV x2  
  172  12:18  Siege Tank  
  172  12:21  Refinery  
  172  12:22  Missile Turret  
  175  12:24  Marauder x2  
  175  12:26  Missile Turret  
  179  12:33  SCV x2  
  181  12:39  Command Center  
  181  12:40  Supply Depot  
  181  12:42  Marine x5, Supply Depot  
  186  12:45  Marauder x2  
  186  12:46  Marine, Medivac x2  
  186  12:48  Barracks Tech Lab  
  186  12:50  Siege Tank  
  198  12:55  Terran Infantry Armor Level 3, Barracks Tech Lab  
  198  12:59  Marine x2  
  194  13:06  Marine x2  
  194  13:07  Marauder x2  
  194  13:12  Marine x2, Marauder  
  182  13:14  Marine  
  182  13:15  Medivac  
  182  13:16  Medivac  
  182  13:17  Marine x2  
  187  13:23  Marine  
  187  13:24  Marine, Siege Tank  
  192  13:28  Marauder x2  
  192  13:30  Marine, Barracks  
  192  13:31  SCV  
  192  13:32  Barracks  
  192  13:33  Marauder  
  200  13:45  Refinery  
  200  13:46  Refinery  
  200  14:04  Terran Vehicle Weapons Level 1  
  200  14:19  Command Center  
  200  14:20  Command Center  
  200  14:27  Barracks Tech Lab  
  200  14:28  Barracks Tech Lab  
  200  14:42  Marine x2, Marauder  
  200  14:43  Marauder  
  188  14:47  Marine  
  188  14:48  Marauder  
  188  14:51  Marine x3  
  188  14:52  Marauder x3  
  136  15:00  Marine x2  
  136  15:04  Marauder x2  
  136  15:05  Marine  
  136  15:06  Missile Turret  
  143  15:09  Marine x3, Marauder  
  143  15:12  Siege Tank  
  143  15:13  Marauder x3, Viking x2  
  161  15:17  Marine  
  161  15:18  Marine  
  163  15:23  Marine  
  163  15:24  Supply Depot  
  163  15:25  Marauder x2  
  163  15:27  Marine x3  
  171  15:29  Planetary Fortress  
  171  15:30  Barracks  
  171  15:31  SCV x2, Marauder  
  171  15:32  SCV x3  
  171  15:34  Marauder  
  171  15:35  Marine x2, Marauder x2  
  184  15:41  Marine  
  187  15:43  Viking x2  
  187  15:44  Siege Tank  
  187  15:45  Marine x3  
  187  15:47  Marauder  
  193  15:50  SCV  
  193  15:52  Marauder x2  
  193  15:53  Marine x2  
  193  15:54  Terran Infantry Weapons Level 3  
  200  15:59  Terran Vehicle And Ship Armor Level 1  
  200  16:07  Orbital Command, Marauder  
  200  16:08  Orbital Command  
  199  16:13  Viking x2, Marauder  
  199  16:14  Marauder  
  199  16:16  Marine x2, Marauder  
  199  16:17  Hellbat  
  197  16:20  Marine, Marauder  
  194  17:03  Orbital Command  
  194  17:04  Marine  
  194  17:05  Marauder  
  194  17:06  Marine x3, Marauder  
  194  17:07  Marauder x2, Medivac  
  196  17:15  Marine x2, Marauder  
  172  17:16  Marauder  
  172  17:22  Marine  
  140  17:24  Marine x3  
  140  17:26  Marauder  
  140  17:28  Marauder x3  
  133  17:33  Marine x2  
  131  17:37  Marauder x2, Refinery  
  131  17:38  Refinery  
  131  17:40  Marine  
  131  17:41  Marine  
  131  17:42  Marine x2  
  131  17:43  Siege Tank  
  138  17:47  Marauder  
  138  17:49  Marine, Marauder x2  
  138  17:51  Marine x2  
  140  17:52  Terran Vehicle Weapons Level 2  
  140  17:55  SCV x2  
  140  17:56  Orbital Command  
  140  17:58  Marine, Marauder x2  
  147  17:59  Marine x3  
  150  18:07  Marauder  
  150  18:08  Marine x2  
  150  18:09  Marauder  
  150  18:11  Marauder x2  
  150  18:12  Viking  
  162  18:15  Marine, Siege Tank  
  162  18:17  Marine x3  
  173  18:20  Marauder x2  
  173  18:26  Marine x2  
  175  18:28  SCV  
  175  18:29  Marauder  
  175  18:30  Marauder  
  175  18:31  Marine  
  175  18:32  Marauder x2  
  175  18:33  Marine  
  186  18:35  Marine x3  
  186  18:40  SCV x2  
  195  18:41  Marauder x2  
  195  18:44  Marine x2  
  195  18:45  SCV  
  198  18:50  Marauder  
  184  19:21  Marine x3  
  184  19:22  Marine x3, Marauder x5  
  196  19:31  Marine  
  196  19:32  Marauder  
  187  19:39  Marine x4  
  187  19:40  Marine x2  
  187  19:43  Marauder x3  
  199  19:46  Marine  
  198  19:53  Marine, Marauder  
  198  19:58  Medivac x2  
  183  20:01  Marine x2  
  183  20:02  Marauder  
  183  20:04  Marauder  
  182  20:11  Siege Tank  
  182  20:12  Marine  
  182  20:13  Marauder x2  
  183  20:18  Supply Depot  
  183  20:19  Supply Depot, Barracks Tech Lab  
  183  20:28  Medivac x2  
  182  20:39  SCV x2  
  182  20:41  Marine x2  
  182  20:42  Marauder x2  
  184  20:43  Siege Tank  
  184  20:48  Marine x2  
  184  20:49  Marine x2, Marauder x3  
  185  20:50  Marine, Marauder  
  162  20:58  SCV, Medivac  
  162  20:59  SCV x4, Marine x2  
  162  21:03  Marauder x2  
  175  21:06  Marine x3  
  175  21:07  Marine  
  175  21:08  Marauder  
  175  21:10  SCV, Marauder  
  175  21:11  SCV, Marine, Marauder x2  
  190  21:15  Siege Tank  
  190  21:17  Marine x2  
  195  21:18  Viking  
  195  21:24  Marine, Marauder  
  200  21:43  Marine  
Tags
 
Add a new tag
Caveats
  • Supply blocks, unpowered buildings, or Contaminate may cause inaccurate times.
  • Supply counts are checked every 10 seconds.